 Dungeon Crawl Stone Soup version 0.19-a0-1686-g35356ef (webtiles) character file.

57 JeffiDaFish the Firebug (level 3, -1/27 HPs)
             Began as a Draconian Fire Elementalist on Sept 25, 2016.
             Slain by a hobgoblin
             ... wielding a +0 club
              (2 damage)
             ... on level 2 of the Dungeon.
             The game lasted 00:05:17 (1778 turns).

JeffiDaFish the Firebug (DrFE)                      Turns: 1778, Time: 00:05:18

Health: -1/27      AC:  6    Str:  9 (10) XL:     3   Next: 73%
Magic:  6/6        EV: 12    Int: 14 (16) God:
Gold:   82         SH:  0    Dex:  9 (11) Spells: 1 memorised, 5 levels left

rFire  . . .     SeeInvis .     e - -1 whip (curse)
rCold  . . .     Gourm    .     (armour unavailable)
rNeg   . . .     Faith    .     (no shield)
rPois  .         Spirit   .     (helmet restricted)
rElec  .         Dismiss  .     (no cloak)
rCorr  .         Reflect  .     (no gloves)
MR     .....     Harm     .     (no boots)
Stlth  ++........               (no amulet)
                                (no ring)
                                (no ring)

@: no status effects
A: unfitting armour, cold-blooded, AC +5
a: no special abilities


You were on level 2 of the Dungeon.
You were not hungry.

You visited 1 branch of the dungeon, and saw 2 of its levels.

You collected 82 gold pieces.

Inventory:

Hand Weapons
 c - a +0 halberd
 e - a cursed -1 whip (weapon)
Scrolls
 h - a scroll of teleportation
Books
 a - a book of Flames

   Spells                             Type                      Level
   a - Flame Tongue                   Conjuration/Fire             1
   b - Throw Flame                    Conjuration/Fire             2
   c - Conjure Flame                  Conjuration/Fire             3
   d - Inner Flame                    Hexes/Fire                   3
   e - Sticky Flame                   Conjuration/Fire             4
   f - Fireball                       Conjuration/Fire             5
Comestibles
 b - 2 bread rations
 d - a meat ration
 f - 6 chunks of flesh
 g - 2 fruits


   Skills:
 + Level 0.7 Fighting
 + Level 0.6 Maces & Flails
 + Level 2.2 Dodging
 + Level 2.1 Stealth
 + Level 0.2 Unarmed Combat
 + Level 2.2 Spellcasting
 + Level 1.2 Conjurations
 + Level 3.6 Fire Magic


You had 5 spell levels left.
You knew the following spells:

 Your Spells              Type           Power        Failure   Level  Hunger
a - Flame Tongue          Conj/Fire      #....        12%         1    #......


Dungeon Overview and Level Annotations

Branches:
Dungeon (2/15)

Altars:


Innate Abilities, Weirdness & Mutations

Your plain brown scales are hard. (AC +5)
You cannot fit into any form of body armour.
You are cold-blooded and may be slowed by cold attacks.


Message History

Your resistance to elements expires.
You continue eating.
You finish eating.
This raw flesh tastes terrible.
You start resting.
Your magical contamination has completely faded away.
You start resting.
Magic restored.
A hobgoblin comes into view. It is wielding a club.
A hobgoblin is nearby!
You are too injured to fight recklessly!
You are too injured to fight recklessly!
The hobgoblin shouts!
You closely miss the hobgoblin.
The hobgoblin hits you but does no damage.
The hobgoblin barely misses you.
The hobgoblin hits you but does no damage.
The hobgoblin hits you with a club.
* * * LOW HITPOINT WARNING * * *
The hobgoblin hits you with a club.
You die...

..................
#.
..................
#.
#########...........
#.
....................
#.
#####......#+#######
#. #......###.... #.
#.#.#.....# #. #
#.#..##.# #. #.#.@#
# #. . #.g...# #.
.........# ...
..........# ....
########...# ....
...# .... ...# ###
...#


You could see a hobgoblin.

Vanquished Creatures
  A gnoll (D:2)
  An adder (D:2)
  2 oozes (D:1)
  A dart slug (D:1)
  A leopard gecko (D:2)
  A giant cockroach (D:2)
  6 goblins
  A hobgoblin (D:1)
  4 jackals (D:2)
  2 kobolds (D:1)
  3 frilled lizards
  5 rats (D:1)
28 creatures vanquished.

Notes
Turn   | Place    | Note
-------+----------+-------------------------------------------
     0 | D:1      | JeffiDaFish the Draconian Fire Elementalist began the quest for the Orb.
     0 | D:1      | Reached XP level 1. HP: 14/14 MP: 3/3
   151 | D:1      | Reached XP level 2. HP: 18/20 MP: 1/5
   962 | D:2      | Reached XP level 3. HP: 26/26 MP: 6/6
  1777 | D:2      | HP: 1/27 [hobgoblin/club (6)]
  1778 | D:2      | Slain by a hobgoblin

Vault maps used:
D:1:      wheals_arrival_shading, grunt_decor_resistance

Skill      XL: |  1  2 |
---------------+-------+-----
Dodging        | 2 |  2.2
Stealth        | 2 |  2.1
Fighting       | |  0.7
Maces & Flails | |  0.6
Unarmed Combat | |  0.2
Spellcasting   | |  2.2
Conjurations   | |  1.2
Fire Magic     | |  3.6

Action                   || total
-------------------------++-------
Melee: Unarmed           ||    23
       Tailslap          ||    15
       Whip              ||    97
 Cast: Flame Tongue      ||    16
  Use: Scroll            ||     3
       Potion            ||     5
 Stab: Sleeping          ||     5
  Eat: Chunk             ||     3
Armor: Skin              ||    52
Dodge: Dodged            ||   130
